 Dungeon Crawl Stone Soup version bcrawl-1.35.4b (webtiles) character file.

Game seed: 10492599427488275827

146087 Dulis131 the Shield-Bearer (level 5, -9/45 HPs)
             Began as a Demigod Fighter on Jan 30, 2022.
             Mangled by an ogre
             ... wielding a +0 giant club
              (19 damage)
             ... on level 3 of the Dungeon.
             The game lasted 00:07:57 (3070 turns).

Dulis131 the Shield-Bearer (Demigod Fighter)        Turns: 3070, Time: 00:07:57

Health: -9/45      AC:  9    Str: 22    XL:     5   Next: 64%
Magic:  7/7        EV:  8    Int: 12    God:    Demigod [**....]
Gold:   195        SH: 10    Dex: 16    Spells: 4/4 levels left

rFire    . . .     SeeInvis .   f - +2 dagger (vamp)
rCold    . . .     Gourm    +   c - +0 medium shield
rNeg     . . .     Faith    .   b - +0 scale mail
rPois    .         Spirit   .   q - +0 helmet
rElec    .         Reflect  .   (no cloak)
rCorr    .                      s - +0 pair of gloves (curse)
MR       .....                  (no boots)
Stlth    ..........             o - amulet of the gourmand
HPRegen  0.15/turn              k - +2 ring of evasion
MPRegen  0.10/turn              (no ring)

@: no status effects
A: high mp 1
a: Temporal Distortion, Growth


You were on level 3 of the Dungeon.
You worshipped Demigod.
Demigod was pleased with you.
You were hungry.

You visited 1 branch of the dungeon, and saw 3 of its levels.

You collected 195 gold pieces.

Inventory:

Hand Weapons
 a - a +0 long sword
 f - a +2 vampiric dagger (weapon)
Armour
 b - a +0 scale mail (worn)
 c - a +0 medium shield (worn)
 q - a +0 helmet (worn)
 s - a cursed +0 pair of gloves (worn)
Jewellery
 k - a +2 ring of evasion (left hand)
 l - an uncursed ring of stealth {unknown}
 o - an amulet of the gourmand (around neck)
Wands
 t - a wand of flame (17)
Scrolls
 g - 4 scrolls of teleportation
 h - 3 scrolls of amnesia {unknown}
 j - 4 scrolls of remove curse {unknown}
 m - a scroll of noise {unknown}
 p - 5 scrolls of enchant weapon {unknown}
Potions
 d - a potion of might
 n - a potion of magic {unknown}
Comestibles
 e - 3 rations {!d}
 i - 4 chunks of flesh


   Skills:
 + Level 3.1 Fighting
 * Level 2.6(3.1) Short Blades
 - Level 2.4(3.0) Long Blades
 + Level 3.5 Armour
 + Level 0.7 Dodging
 + Level 3.5 Shields


You had 4 spell levels left.
You didn't know any spells.
Your spell library was empty.

Dungeon Overview and Level Annotations

Branches:
Dungeon (3/12)


Innate Abilities, Weirdness & Mutations

You have an increased reservoir of magic. (+10% MP)


Message History

You are too injured to fight recklessly!
You are too injured to fight recklessly!
You are too injured to fight recklessly!
You hit the ogre.
The ogre is moderately wounded.
The ogre hits you but does no damage.
You barely miss the ogre.
The ogre is moderately wounded.
You barely miss the ogre.
The ogre is moderately wounded.
The ogre barely misses you.
You hit the ogre.
The ogre is heavily wounded.
The ogre hits you with a +0 giant club!
* * * LOW HITPOINT WARNING * * *
You hit the ogre.
The ogre is severely wounded.
The ogre hits you with a +0 giant club!!
You die...
Your divinity fades.

#.....# ######## #.....#
#.....# ###
###.#...[.##########
.!.....................
#####.#.###.....##########
............###.........^#
#.#######..........#
#lO@)..............#
#########..........#
##..........#
......######## ###.......#
# #.......# # #.......# #
#.......# # #.#.########


You could see an ogre and a frilled lizard.

Vanquished Creatures
  A bullfrog (D:3)
  A crimson imp (D:3)
  A gnoll (D:2)
  An ooze (D:2)
  A worm (D:1)
  5 dart slugs (D:3)
  3 leopard geckos
  6 orcs (D:3)
  A ball python (D:1)
  3 giant cockroaches
  8 hobgoblins
  3 jackals
  2 quokkas (D:2)
  10 bats
  7 frilled lizards
  16 goblins
  5 kobolds
  3 rats (D:1)
77 creatures vanquished.

Notes
Turn   | Place    | Note
-------+----------+-------------------------------------------
     0 | D:1      | Dulis131 the Demigod Fighter began the quest for the Orb.
     0 | D:1      | Reached XP level 1. HP: 18/18 MP: 3/3
   168 | D:1      | Reached XP level 2. HP: 25/25 MP: 4/4
   433 | D:1      | Reached * piety under Demigod
   444 | D:1      | Reached XP level 3. HP: 29/30 MP: 5/5
  1299 | D:2      | Found a corrupted altar of Lugonu.
  1432 | D:2      | Found a bloodstained altar of Trog.
  1666 | D:2      | Reached XP level 4. HP: 37/38 MP: 6/6
  1796 | D:2      | Found a sacrificial altar of Ru.
  2184 | D:2      | Reached skill level 1 in Short Blades
  2642 | D:3      | Reached ** piety under Demigod
  2971 | D:3      | Reached XP level 5. HP: 42/45 MP: 7/7
  3041 | D:3      | Noticed an ogre
  3070 | D:3      | Mangled by an ogre

Skill      XL: |  1  2  3  4 |
---------------+-------------+-----
Long Blades    | 2 |  2.4
Shields        | 3 |  3.5
Armour         | 3 |  3.5
Fighting       | 3 |  3.1
Short Blades   | 2 |  2.6
Dodging        | |  0.7

Action                   |  1- 3 |  4- 6 || total
-------------------------+-------+-------++-------
Melee: Long sword        |    85 |       ||    85
       Dagger            |    49 |   216 ||   265
  Use: Scroll            |     1 |     3 ||     4
  Eat: Chunk             |     7 |    10 ||    17
       Ration            |     1 |       ||     1
Armor: Scale mail        |    58 |    69 ||   127
Dodge: Dodged            |    17 |    33 ||    50
Block: Medium shield     |    74 |    83 ||   157
